 Dungeon Crawl Stone Soup version 0.28-a0-245-g639a1a48b9 (webtiles) character file.

Game seed: 11867586193404836588

181 Colgate the Spear-Bearer (level 5, -5/41 HPs)
             Began as a Merfolk Berserker on Aug 25, 2021.
             Was a Believer of Trog.
             Slain by Natasha (10 damage)
             ... on level 3 of the Dungeon.
             The game lasted 00:04:36 (1908 turns).

Colgate the Spear-Bearer (Merfolk Berserker)        Turns: 1908, Time: 00:04:37

Health: -5/41      AC:  0    Str: 18    XL:     5   Next: 61%
Magic:  5/5        EV: 20    Int:  6    God:    Trog [**....]
Gold:   88         SH:  0    Dex: 19    Spells: 4/4 levels left

rFire   . . .      SeeInvis .   (weapon currently unavailable)
rCold   . . .      Faith    .   (shield currently unavailable)
rNeg    . . .      Spirit   .   (armour currently unavailable)
rPois   .          Reflect  .   (helmet currently unavailable)
rElec   .          Harm     .   (cloak currently unavailable)
rCorr   .          Rampage  .   (gloves currently unavailable)
Will    .....                   (boots currently unavailable)
Stlth   ++........              (no amulet)
HPRegen 0.13/turn               (ring currently unavailable)
MPRegen 0.09/turn               (ring currently unavailable)

@: bat-form (expiring), on berserk cooldown, flying, slowed, quick
A: fast, flying, no casting, tiny, (nimble swimmer 2), (mertail)
a: Renounce Religion, Berserk, Trog's Hand


You were on level 3 of the Dungeon.
You worshipped Trog.
Trog was pleased with you.
You were a bat.
You visited 1 branch of the dungeon, and saw 3 of its levels.

You collected 88 gold pieces.


Innate Abilities, Weirdness & Mutations

You are a bat.
You are tiny and dextrous.
You move quickly.
You are flying.
Your equipment is almost entirely melded.
You are incapable of wielding weapons or throwing items.
You cannot cast spells.
((You are quick and stealthy near water. (Stealth+, EV+, Speed+++)))
((Your lower body shifts to a powerful aquatic tail in water.))


   Skills:
 - Level 3.2 Fighting
 + Level 8.9 Polearms
 - Level 1.3 Armour
 - Level 2.6 Dodging


You had 4 spell levels left.
You didn't know any spells.
Your spell library was empty.

Inventory:

Hand Weapons
 Y - a +0 spear (melded)
Armour
 f - a +0 scale mail (melded)
Jewellery
 d - a +6 ring of dexterity (melded)
Scrolls
 a - 3 scrolls of identify
Potions
 g - a potion of curing

Dungeon Overview and Level Annotations

Branches:
Dungeon (3/15)

Altars:

Annotations:
D:3 Natasha


Message History

a +4 dagger; a goblin corpse
Things that are here:
a +0 halberd; 3 javelins; a gnoll corpse Natasha zaps a wand.
You resist with some effort.
The now-empty wand crumbles to dust.
You see here a +0 dagger.
You hit Natasha but do no damage. Natasha completely misses you.
A kobold comes into view.
It is wielding a +0 dagger and wearing a +0 ring mail of poison resistance.
Natasha casts a spell at you. You resist with some effort.
The kobold moves out of view.
You hit Natasha.
Natasha is lightly wounded.
Natasha completely misses you.
You barely miss Natasha.
Natasha is lightly wounded.
Natasha misses you. Natasha casts a spell at you.
You feel as though you will be slow longer.
You barely miss Natasha.
Natasha is lightly wounded.
Natasha completely misses you.
You hit Natasha but do no damage.
Natasha is lightly wounded.
Natasha barely misses you.
You hit Natasha but do no damage.
Natasha is lightly wounded.
Natasha mumbles some strange words.
You feel disoriented. Natasha barely misses you.
Natasha growls.
Natasha barely misses you.
You hit Natasha but do no damage.
Natasha is lightly wounded.
Your transformation is almost over.
Natasha misses you.
You barely miss Natasha.
Natasha is lightly wounded.
Natasha claws you!
You die...

### ###################.#######
#......#.......).##.......
#.####.#......)))##.#... #
###.#g####.#......).....#.###..##
.....ggg)......hb................
.#.##g####.#.........####.###..##
g. #.#..................... .g#
#.#.).......####.####### ..
#.#..(.......).%..#..... .
#.#.........##..<.......
#.%.........##..........
......#..)......##..........
.####.#.........###...%.....


You could see Natasha.

Vanquished Creatures
  Natasha (twice) (D:3)
  Robin (D:3)
  3 gnolls (D:3)
  3 adders
  4 dart slugs (D:1)
  An orc (D:3)
  5 bats
  An endoplasm (D:2)
  A giant cockroach (D:1)
  5 hobgoblins
  4 kobolds
  A quokka (D:1)
  6 ball pythons
  2 frilled lizards (D:1)
  12 goblins
  5 rats
56 creatures vanquished.

Vanquished Creatures (others)
  6 fungi (D:3)
  2 plants (D:3)
8 creatures vanquished.

Grand Total: 64 creatures vanquished

Notes
Turn   | Place    | Note
-------+----------+-------------------------------------------
     0 | D:1      | Colgate the Merfolk Berserker began the quest for the Orb.
     0 | D:1      | Reached XP level 1. HP: 18/18 MP: 1/1
     0 | D:1      | Noticed an octopode
     0 | D:1      | Noticed a spriggan
     0 | D:1      | 0 ||| counter = 95
     1 | D:1      | Noticed a barachi
     2 | D:1      | Noticed a vampire
     4 | D:1      | Noticed a spriggan
     7 | D:1      | Noticed a palentonga
     8 | D:1      | Noticed a troll
    11 | D:1      | Noticed an elf
    11 | D:1      | Noticed a spriggan
    13 | D:1      | Noticed a minotaur
    13 | D:1      | Noticed a demonspawn
    15 | D:1      | Noticed a minotaur
    15 | D:1      | Noticed a demigod
    15 | D:1      | Noticed a troll
    17 | D:1      | Noticed a vampire
    19 | D:1      | Noticed a vine stalker
   167 | D:1      | Reached skill level 5 in Polearms
   195 | D:1      | Reached XP level 2. HP: 23/24 MP: 2/2
   480 | D:1      | 480 ||| INVOKING Berserk.
   815 | D:1      | Reached skill level 6 in Polearms
   815 | D:1      | Reached XP level 3. HP: 26/29 MP: 3/3
   920 | D:1      | 920 ||| UPGRADING to +0 leather armour.
   930 | D:1      | 930 ||| DROPPING +0 animal skin.
   931 | D:1      | 931 ||| UPGRADING to +6 ring of dexterity.
   932 | D:1      | 932 ||| READING scroll labelled CIRRECR IMIDD.
   933 | D:1      | 933 ||| READING scroll labelled POAM IPPOWUDETH.
  1460 | D:2      | Reached XP level 4. HP: 35/35 MP: 4/4
  1475 | D:2      | 1475 ||| UPGRADING to +0 scale mail.
  1485 | D:2      | 1485 ||| DROPPING +0 leather armour.
  1486 | D:2      | 1486 ||| READING scroll labelled BEIMAICH IDOYD.
  1487 | D:2      | 1487 ||| READING scroll labelled HUCECK NOASYR.
  1488 | D:2      | 1488 ||| READING 4 scrolls of identify.
  1488 | D:2      | 1488 ||| IDENTIFYING glowing black potion
  1513 | D:3      | Noticed Natasha
  1516 | D:3      | 1516 ||| INVOKING Berserk.
  1520 | D:3      | Killed Natasha
  1520 | D:3      | Reached ** piety under Trog
  1521 | D:3      | Reached skill level 7 in Polearms
  1618 | D:3      | 1618 ||| INVOKING Berserk.
  1621 | D:3      | Noticed Natasha
  1630 | D:3      | Killed Natasha
  1631 | D:3      | Reached skill level 8 in Polearms
  1631 | D:3      | Reached XP level 5. HP: 17/41 MP: 5/5
  1828 | D:3      | Identified the +2 helmet of Myrasos {+Inv}
  1828 | D:3      | Noticed Robin
  1840 | D:3      | Killed Robin
  1863 | D:3      | 1863 ||| Stepping ~*~*~tactically~*~*~ (outnumbered).
  1864 | D:3      | 1864 ||| Stepping ~*~*~tactically~*~*~ (outnumbered).
  1865 | D:3      | 1865 ||| Stepping ~*~*~tactically~*~*~ (outnumbered).
  1878 | D:3      | 1878 ||| INVOKING Berserk.
  1882 | D:3      | HP: 12/61 [gnoll (6)]
  1884 | D:3      | HP: 4/61 [gnoll (9)]
  1896 | D:3      | Noticed Natasha
  1908 | D:3      | Slain by Natasha

Levels and vault maps discovered:
D:1:      shiori_arrival_whats_in_store_for_you, layout_rooms, minivault_24
D:2:      layout_rooms
D:3:      layout_basic, dreamdust_ecumenical_altar_grove, uniq_natasha,
          uniq_robin

Skill      XL: |  1  2  3  4 |
---------------+-------------+-----
Polearms       | 5 6 8 |  8.9
Fighting       | |  3.2
Armour         | |  1.3
Dodging        | |  2.6

Action                   |  1- 3 |  4- 6 || total
-------------------------+-------+-------++-------
Melee: Spear             |   124 |    76 ||   200
       Unarmed           |       |     8 ||     8
Invok: Berserk           |     1 |     3 ||     4
  Use: Scroll            |     2 |     3 ||     5
 Stab: Sleeping          |     1 |       ||     1
Armor: Animal skin       |     8 |       ||     8
       Leather armour    |     4 |       ||     4
       Scale mail        |       |    11 ||    11
Dodge: Dodged            |    52 |    38 ||    90

Table legend:
 A = Non-vault XP
 B = Vault XP
 C = Vault XP percentage of total XP
 D = Non-vault monster count
 E = Vault monster count
 F = Vault count percentage of total count
                 A         B        C        D         E       F
            +---------+---------+-------+---------+---------+-------
      Total |     184 |      75 |  29.0 |      43 |      13 |  23.2
            +---------+---------+-------+---------+---------+-------
        D:1 |      36 |       0 |   0.0 |      17 |       0 |   0.0
        D:2 |      47 |       0 |   0.0 |      16 |       0 |   0.0
        D:3 |     101 |      75 |  42.6 |      10 |      13 |  56.5
            +---------+---------+-------+---------+---------+-------
